 Dungeon Crawl Stone Soup version 0.26-a0-54-g15ccc7ae60 (webtiles) character file.

Game seed: 14706286588111989135

508 Ozzies the Chopper (level 6, -12/57 HPs)
             Began as a Minotaur Fighter on June 7, 2020.
             Was an Initiate of Okawaru.
             Mangled by Duvessa
             ... wielding a +0 rapier
              (18 damage)
             ... on level 5 of the Dungeon.
             The game lasted 00:15:57 (4652 turns).

Ozzies the Chopper (Minotaur Fighter)               Turns: 4652, Time: 00:15:58

Health: -12/57     AC:  7    Str: 23    XL:     6   Next: 98%
Magic:  5/5        EV:  7    Int:  5    God:    Okawaru [......]
Gold:   160        SH:  0    Dex:  9    Spells: 5/5 levels left

rFire    . . .     SeeInvis .   a - +0 war axe
rCold    . . .     Gourm    .   c - +0 kite shield
rNeg     . . .     Faith    .   b - +0 scale mail
rPois    .         Spirit   .   (helmet restricted)
rElec    .         Reflect  .   (no cloak)
rCorr    .         Harm     .   (no gloves)
MR       .....                  (no boots)
Stlth    ..........             (no amulet)
HPRegen  0.19/turn              (no ring)
MPRegen  0.09/turn              (no ring)

@: confused, brilliant, hasted, very quick
A: retaliatory headbutt, horns 2
a: Renounce Religion


You were on level 5 of the Dungeon.
You worshipped Okawaru.
Okawaru was noncommittal.
You were not hungry.

You visited 2 branches of the dungeon, and saw 6 of its levels.

You collected 160 gold pieces.

Inventory:

Hand Weapons
 a - a +0 war axe (weapon)
Armour
 b - a +0 scale mail (worn)
 c - a +0 kite shield (worn)
Jewellery
 m - an uncursed ring of stealth {unknown}
Wands
 n - a wand of iceblast (16)
Scrolls
 e - 5 scrolls of identify {unknown}
 g - 5 scrolls of teleportation {unknown}
 l - a scroll of enchant weapon {unknown}
 o - a scroll of enchant armour {unknown}
 q - 2 scrolls of fog {unknown}
 r - a scroll of magic mapping {unknown}
Potions
 d - a potion of might
 i - 5 potions of lignification {unknown}
 j - a potion of haste
 k - a potion of ambrosia
 p - 2 potions of curing {unknown}
 s - a potion of flight {unknown}
 t - a potion of heal wounds {unknown}
Comestibles
 f - 5 rations


   Skills:
 + Level 6.0 Fighting
 * Level 7.3 Axes
 - Level 4.0 Armour
 - Level 4.0 Shields


You had 5 spell levels left.
You didn't know any spells.
Your spell library was empty.

Dungeon Overview and Level Annotations

Branches:
Dungeon (5/15)             Temple (1/1) D:4

Altars:
Cheibriados
Dithmenos
Fedhas
Gozag
Hepliaklqana
Makhleb
Nemelex Xobeh
Okawaru
Qazlal
Ru
Sif Muna
Trog
Uskayaw
Vehumet
Wu Jian
Zin
The Shining One

Annotations:
D:5 Duvessa, Sigmund


Innate Abilities, Weirdness & Mutations

You reflexively headbutt those who attack you in melee.
You have a pair of horns on your head.


Message History

You miss the adder. You hit the worker ant. Duvessa hits you with a +0 rapier!
* * * LOW HITPOINT WARNING * * *
The adder bites you but does no damage. The adder barely misses you.
The worker ant bites you but does no damage.
Duvessa hits you with a +0 rapier.
* * * LOW HITPOINT WARNING * * *
Okay, then.
Unknown command.
Okay, then.
It was a potion of haste.
You feel yourself speed up. You block Duvessa's attack.
The adder bites you but does no damage.
The worker ant bites you but does no damage.
The adder bites you but does no damage.
You are confused.
You feel invigorated. Duvessa hits you but does no damage.
The worker ant bites you but does no damage.
It was a potion of brilliance.
You feel clever all of a sudden. Duvessa hits you with a +0 rapier!!
You die...

. ........#........ ##.
#........#.......##
##..##..>....###.......#
.....#...#..............
........................
.........@...#..........
......aS.....##.........
......e@...#..# #.......
..............###.......
...........#[.##........
...........#...##.......
..........###.##...<....
.....#.........#........
.........#.#................ #
#.........##.......รท.#####...
..
#....#..#...#.........###...#


You could see Duvessa (berserk), Sigmund, a worker ant and an adder.

Vanquished Creatures
  Dowan (D:5)
  A hound (D:4)
  Ijyb (D:3)
  8 worker ants
  9 adders
  3 oozes
  4 worms
  A dart slug (D:2)
  4 leopard geckos
  13 orcs
  2 ball pythons
  A bat (D:1)
  5 giant cockroaches
  7 goblins
  8 hobgoblins
  14 jackals
  6 kobolds
  2 quokkas
  3 frilled lizards
  A quokka skeleton (D:4)
  8 rats
102 creatures vanquished.

Vanquished Creatures (others)
  An adder (D:3)
  A bat (D:3)
2 creatures vanquished.

Grand Total: 104 creatures vanquished

Notes
Turn   | Place    | Note
-------+----------+-------------------------------------------
     0 | D:1      | Ozzies the Minotaur Fighter began the quest for the Orb.
     0 | D:1      | Reached XP level 1. HP: 19/19 MP: 0/0
   239 | D:1      | Reached XP level 2. HP: 22/27 MP: 1/1
   362 | D:1      | Reached skill level 3 in Axes
   741 | D:2      | Reached XP level 3. HP: 33/33 MP: 2/2
   940 | D:2      | Reached skill level 4 in Axes
  1142 | D:2      | Reached XP level 4. HP: 21/41 MP: 3/3
  2065 | D:3      | Found a burning altar of Makhleb.
  2152 | D:3      | Reached skill level 5 in Axes
  2153 | D:3      | Reached XP level 5. HP: 36/47 MP: 4/4
  2330 | D:3      | Found a bloodstained altar of Trog.
  2471 | D:3      | Noticed Ijyb
  2485 | D:3      | Killed Ijyb
  2485 | D:3      | Reached skill level 5 in Fighting
  2965 | D:4      | Reached skill level 6 in Axes
  2977 | D:4      | Reached XP level 6. HP: 35/56 MP: 5/5
  3392 | D:4      | Found a staircase to the Ecumenical Temple.
  3416 | Temple   | Entered the Ecumenical Temple
  3769 | Temple   | Became a worshipper of Warmaster Okawaru
  4352 | D:4      | Reached skill level 7 in Axes
  4459 | D:5      | Entered Level 5 of the Dungeon
  4459 | D:5      | Found a sacrificial altar of Ru.
  4461 | D:5      | Found a hazy altar of Hepliaklqana.
  4637 | D:5      | Noticed Dowan
  4638 | D:5      | Noticed Duvessa
  4645 | D:5      | Killed Dowan
  4647 | D:5      | Noticed Sigmund
  4649 | D:5      | HP: 1/57 [Duvessa/+0 rapier (3)]
  4652 | D:5      | Mangled by Duvessa

Illustrated notes

Levels and vault maps discovered:
D:1:      mrwooster_arrival_statue_2, layout_loops_ring
D:2:      layout_loops_cross, minmay_tripent
D:3:      layout_loops_cross, lemuel_round_altar, bloody_makhleb,
          lemuel_old_faithful, uniq_ijyb
D:4:      layout_basic, minmay_temple_entry_mini_moons, first_ration,
          nicolae_zen_rock_garden, grunt_ministairs_6
D:5:      layout_cave_pools, kennysheep_ying_yang, grunt_temple_overflow_open,
          serial_glass, glass_columns_a, glass_columns_b, serial_shops,
          shop_statue, minivault_14, uniq_sigmund, uniq_duvessa
Temple:   nicolae_temple_figure_eight

Skill      XL: |  1  2  3  4  5  6 |
---------------+-------------------+-----
Axes           | 3 4 5 6 7 |  7.3
Fighting       | 4 5 6 |  6.0
Armour         | 4 |  4.0
Shields        | 4 |  4.0

Action                   |  1- 3 |  4- 6 || total
-------------------------+-------+-------++-------
Melee: War axe           |    81 |   203 ||   284
       Headbutt          |     8 |    37 ||    45
  Use: Potion            |       |     4 ||     4
  Eat: Chunk             |     1 |     8 ||     9
       Ration            |       |     1 ||     1
Armor: Scale mail        |    34 |    85 ||   119
Dodge: Dodged            |    29 |    55 ||    84
Block: Kite shield       |    43 |   110 ||   153

Table legend:
 A = Non-vault XP
 B = Vault XP
 C = Vault XP percentage of total XP
 D = Non-vault monster count
 E = Vault monster count
 F = Vault count percentage of total count
                 A         B        C        D         E       F
            +---------+---------+-------+---------+---------+-------
      Total |     613 |     113 |  15.6 |      97 |       5 |   4.9
            +---------+---------+-------+---------+---------+-------
        D:1 |      32 |       0 |   0.0 |      19 |       0 |   0.0
        D:2 |     125 |       7 |   5.3 |      27 |       2 |   6.9
        D:3 |      78 |      36 |  31.6 |      25 |       1 |   3.8
        D:4 |     331 |       7 |   2.1 |      23 |       1 |   4.2
        D:5 |      47 |      63 |  57.3 |       3 |       1 |  25.0
            +---------+---------+-------+---------+---------+-------
